 Adventure DCSS version bcrawl-1.19.1 (webtiles) character file.

Game seed: 7482483540504724590

21 erloom the Grasshopper (level 2, 15/20 HPs)
             Began as a Gnoll Wanderer on Nov 10, 2019.
             Quit the game on level 2 of the Dungeon on Nov 24, 2019.
             The game lasted 00:04:39 (1860 turns).

erloom the Grasshopper (Gnoll Wanderer)             Turns: 1860, Time: 00:04:40

Health: 15/20      AC:  2    Str: 11    XL:     2   Next: 83%
Magic:  8/8        EV: 12    Int: 16    God:
Gold:   162        SH:  0    Dex: 16    Spells: 9/11 levels left
                                        Lives:  1   Deaths: 1

rFire    . . .     SeeInvis .   a - +0 dagger
rCold    . . .     Gourm    .   (no shield)
rNeg     . . .     Faith    .   d - +0 robe
rPois    .         Spirit   .   (no helmet)
rElec    .         Reflect  .   (no cloak)
rCorr    .         Harm     .   (no gloves)
MR       .....                  (no boots)
Stlth    ++........             (no amulet)
HPRegen  0.06/turn              (no ring)
MPRegen  0.11/turn              (no ring)

@: no status effects
A: distributed training, fangs 1, strong nose
a: no special abilities


You were on level 2 of the Dungeon.
You were not hungry.

You visited 1 branch of the dungeon, and saw 2 of its levels.

You collected 162 gold pieces.

Inventory:

Hand Weapons
 a - a +0 dagger (weapon)
 o - a +0 blowgun
Missiles
 p - 6 curare-tipped needles
 q - 2 throwing nets (quivered) {!f}
Armour
 d - a +0 robe (worn)
 i - a +0 ring mail
Scrolls
 c - a scroll of teleportation
 e - a scroll of enchant weapon {unknown}
 h - 3 scrolls of remove curse {unknown}
 j - 2 scrolls of amnesia {unknown}
 l - 2 scrolls of identify {unknown}
 m - a scroll of noise {unknown}
Potions
 b - a potion of heal wounds {unknown}
 g - a potion of agility {unknown}
 k - a potion of curing {unknown}
 n - a potion of lignification {unknown}
Comestibles
 f - 6 rations {!d}


   Skills:
 + Level 0.9 Fighting
 + Level 0.9 Short Blades
 + Level 0.9 Long Blades
 + Level 0.9 Axes
 + Level 0.9 Maces & Flails
 + Level 0.9 Polearms
 + Level 0.9 Staves
 + Level 0.9 Slings
 + Level 0.9 Bows
 + Level 0.9 Crossbows
 + Level 2.6 Throwing
 + Level 0.9 Armour
 + Level 0.9 Dodging
 + Level 2.6 Stealth
 + Level 0.9 Shields
 + Level 0.9 Unarmed Combat
 + Level 5.0 Spellcasting
 + Level 0.6 Conjurations
 + Level 0.6 Hexes
 + Level 0.6 Charms
 + Level 0.6 Summonings
 + Level 3.8 Necromancy
 + Level 7.1 Translocations
 + Level 0.6 Transmutations
 + Level 0.6 Fire Magic
 + Level 0.6 Ice Magic
 + Level 0.6 Air Magic
 + Level 0.6 Earth Magic
 + Level 0.6 Poison Magic
 + Level 1.0 Invocations
 + Level 0.9 Evocations


You had 9 spell levels left.
You knew the following spells:

 Your Spells              Type           Power        Failure   Level  Hunger
a - Animate Skeleton      Necr           N/A          3%          1    None
b - Pain                  Necr           ###...       3%          1    None

Your spell library contained the following spells:

 Spells                   Type           Power        Failure   Level  Hunger
 Vampiric Draining        Necr           ###.......   10%         3    ###....
 Sting                    Conj/Pois      #...         12%         1    None
 Poisonous Vapours        Pois/Air       #.....       19%         2    #......
 Regeneration             Chrm/Necr      ##........   19%         3    ###....
 Animate Dead             Necr           N/A          32%         4    ####...
 Ignite Poison            Fire/Tmut/Pois #.......     34%         3    ###....
 Olgreb's Toxic Radiance  Pois           #.......     75%         4    ####...
 Summon Scorpions         Summ/Pois      #.......     75%         4    ####...
 Bolt of Draining         Conj/Necr      ##........   86%         5    ######.
 Venom Bolt               Conj/Pois      #.........   97%         5    ######.


Dungeon Overview and Level Annotations

Branches:
Dungeon (2/12)

Altars:
Kikubaaqudgha


Innate Abilities, Weirdness & Mutations

Your experience applies equally to all skills.
You have very sharp teeth.
Your uncanny sense of smell can sniff out nearby items.


Message History

You hit the giant cockroach. Your bite misses the giant cockroach.
The giant cockroach is heavily wounded.
The giant cockroach closely misses you.
You closely miss the giant cockroach. Your bite misses the giant cockroach.
The giant cockroach is heavily wounded.
The goblin closely misses you. The giant cockroach closely misses you.
You hit the giant cockroach.
The giant cockroach is almost dead.
The giant cockroach bites you but does no damage.
The goblin barely misses you.
You hit the giant cockroach.
You kill the giant cockroach!
The goblin barely misses you.
You miss the goblin. The goblin barely misses you.
You hit the goblin.
You kill the goblin!
No target in view!
No target in view!
Okay, then.
Are you sure you want to abandon this character and quit the game? (Confirm with "yes".)

##...#.. #. ##..###
###.##### #...# ... ...#
#...# #.###.##### #...#
#.........# #...# .
#.......#.#####...##
....#.......#...........
.......@................
...##..††####...........
####......#####...##
#.###### #...# #.# #...#
#.# #...#
#.##########...##
.#.......##.....
#.#####.##..##.


There were no monsters in sight!

Vanquished Creatures
  4 dart slugs
  5 bats
  4 giant cockroaches
  6 goblins
  4 hobgoblins
  2 jackals (D:1)
  A frilled lizard (D:1)
  4 kobolds
  5 rats
35 creatures vanquished.

Vanquished Creatures (others)
  A human (D:2)
1 creature vanquished.

Grand Total: 36 creatures vanquished

Notes
Turn   | Place    | Note
-------+----------+-------------------------------------------
     0 | D:1      | erloom the Gnoll Wanderer began the quest for the Orb.
     0 | D:1      | erloom set off with the following items: a +0 dagger, a
                  | scroll of teleportation, a +0 robe, a ration {!d}; and the
                  | following spells available to memorise: Animate Skeleton,
                  | Pain, Vampiric Draining, Sting, Regeneration, Poisonous
                  | Vapours, Animate Dead, Ignite Poison, Olgreb's Toxic
                  | Radiance, Summon Scorpions, Bolt of Draining, Venom Bolt
     0 | D:1      | Reached XP level 1. HP: 13/13 MP: 6/6
     2 | D:1      | Learned a level 1 spell: Animate Skeleton
     4 | D:1      | Learned a level 1 spell: Pain
   243 | D:1      | Reached XP level 2. HP: 11/19 MP: 1/7
   811 | D:1      | Reached XP level 3. HP: 20/25 MP: 6/9
   905 | D:1      | Reached skill level 5 in Spellcasting
  1570 | D:2      | Upgraded the game from bcrawl-1.18.1 to bcrawl-1.19.1
  1605 | D:2      | Reached skill level 1 in Invocations
  1717 | D:2      | Found an ancient bone altar of Kikubaaqudgha.
  1725 | D:2      | Asphyxiated
  1726 | D:2      | Reached XP level 2. HP: -4/20 MP: 8/8
  1798 | D:2      | Noticed a human
  1799 | D:2      | Killed a human
  1860 | D:2      | Quit the game

Skill      XL: |  1  2  3 |
---------------+----------+-----
Spellcasting   | 5 |  5.0
Invocations    | 1 |  1.0
Fighting       | |  0.9
Short Blades   | |  0.9
Long Blades    | |  0.9
Axes           | |  0.9
Maces & Flails | |  0.9
Polearms       | |  0.9
Staves         | |  0.9
Slings         | |  0.9
Bows           | |  0.9
Crossbows      | |  0.9
Throwing       | |  2.6
Armour         | |  0.9
Dodging        | |  0.9
Stealth        | |  2.6
Shields        | |  0.9
Unarmed Combat | |  0.9
Conjurations   | |  0.6
Hexes          | |  0.6
Charms         | |  0.6
Summonings     | |  0.6
Necromancy     | |  3.8
Translocations | |  7.1
Transmutations | |  0.6
Fire Magic     | |  0.6
Ice Magic      | |  0.6
Air Magic      | |  0.6
Earth Magic    | |  0.6
Poison Magic   | |  0.6
Evocations     | |  0.9

Action                   || total
-------------------------++-------
Melee: Dagger            ||    72
       Bite              ||     9
 Cast: Pain              ||    28
       Animate Skeleton  ||     1
 Stab: Sleeping          ||     6
  Eat: Chunk             ||     2
Armor: Robe              ||    23
Dodge: Dodged            ||    62
